 Dungeon Crawl Stone Soup version 0.16.1-2-g95b8d4c (webtiles) character file.

4982 Ladykiller69 the Grappler (level 10, -3/91 HPs)
             Began as a Troll Monk on Mar 25, 2015.
             Was a Priest of Cheibriados.
             Slain by an orc warrior
             ... wielding a +1 long sword of flaming
              (4 damage)
             ... in a volcano.
             The game lasted 00:31:11 (4830 turns).

Ladykiller69 the Grappler (Troll Monk)              Turns: 4830, Time: 00:31:11

Health: -3/91      AC:  9    Str: 32    XL:     10   Next: 29%
Magic:  7/10       EV: 14    Int: 16    God:    Cheibriados [***...]
Gold:   392        SH:  0    Dex: 19    Spells: 0 memorised, 9 levels left

rFire  . . .     SeeInvis .       - Unarmed
rCold  . . .     Clarity  +     a - +1 robe
rNeg   . . .     SustAb   .     (shield restricted)
rPois  .         Gourm    +     (helmet restricted)
rElec  .         Spirit   .     r - +2 cloak
rCorr  .         Warding  .     (gloves unavailable)
rMut   .         Stasis   .     (boots unavailable)
MR     .....                    v - amulet of clarity
Stlth  ++........               H - ring of wizardry
                                t - +4 ring of strength

@: very slow, not resistant to hostile enchantments, unstealthy
A: unfitting armour, claws 3, fast metabolism 3, gourmand, regeneration 2,
shaggy fur 1, tough skin 2
a: Bend Time, Temporal Distortion, Renounce Religion


You were in a volcano.
You worshipped Cheibriados.
Cheibriados was most pleased with you.
You were completely stuffed.

You visited 3 branches of the dungeon, and saw 10 of its levels.
You also visited: Sewer and Volcano.

You collected 392 gold pieces.

Inventory:

Missiles
 o - 10 javelins (quivered)
 z - 2 throwing nets
 F - 4 tomahawks
 K - 4 steel tomahawks
Armour
 a - a +1 robe (worn)
 r - a +2 cloak (worn)
Jewellery
 t - a +4 ring of strength (left claw)
 v - an amulet of clarity (around neck)
 H - a ring of wizardry (right claw)
 I - an uncursed ring of teleportation
Magical devices
 s - a wand of paralysis (11)
 w - a wand of disintegration (11)
 y - a wand of invisibility (1)
Scrolls
 g - 3 scrolls of identify
 j - 3 scrolls of enchant armour
 l - a scroll of immolation {unknown}
 x - a scroll of fog
 A - a scroll of teleportation
 E - a scroll of enchant weapon {unknown}
 N - a scroll of silence {unknown}
Potions
 d - a potion of resistance
 e - 4 potions of cure mutation
 h - 2 potions of flight {curing/healing}
 i - 3 potions of heal wounds {unknown}
 m - a potion of magic {unknown}
 p - 4 potions of curing {curing/healing}
 q - 2 potions of invisibility {unknown}
 u - 2 potions of restore abilities {unknown}
 C - 3 potions of agility {unknown}
 G - 2 potions of mutation {unknown}
 M - a potion of ambrosia {unknown}
Comestibles
 b - 4 meat rations
 c - 5 chunks of flesh
 f - 4 beef jerkies
 k - a bread ration
 n - 2 slices of pizza


   Skills:
 - Level 3.0 Fighting
 + Level 6.1 Dodging
 - Level 1.1 Stealth
 * Level 13.0 Unarmed Combat
 + Level 3.6 Invocations


You had 9 spell levels left.
You didn't know any spells.

Dungeon Overview and Level Annotations

Branches:
Dungeon (8/15)             Temple (1/1) D:7            Lair (1/8) D:8

Altars:
Ashenzari
Cheibriados
Elyvilon
Fedhas
Gozag
Makhleb
Nemelex Xobeh
Ru
Trog
Xom
Yredelemnul
Zin
The Shining One

Shops:
D:5 =


Innate Abilities, Weirdness & Mutations

You are too large for most types of armour.
You have claws for hands.
Your metabolism is lightning-fast.
You like to eat raw meat.
You heal very quickly.
You are covered in fur (AC +1).
You have very tough skin (AC +2).


Message History

You scratch the orc warrior!
The orc warrior begins to bleed from its wounds!
The orc warrior is almost dead.
The air gets thick with the scent of sulphur.
You scratch the orc warrior!!
You kill the orc warrior!
Cheibriados appreciates the change of pace.
You scratch the orc warrior!!
The orc warrior begins to bleed from its wounds!
The orc warrior is almost dead.
The orc warrior hits you with a long sword of flaming!
* * * LOW HITPOINT WARNING * * *
The orc warrior burns you.
* * * LOW HITPOINT WARNING * * *
Drink which item? (? for menu, Esc to quit)
You feel better.
The orc warrior hits you with a long sword of flaming!
* * * LOW HITPOINT WARNING * * *
The orc warrior burns you.
You die...

. . ........§..
###...≈≈§≈≈≈≈.
#.....≈≈≈≈≈≈≈≈
##...≈§≈§§≈§§§≈
##....≈§≈§≈≈≈≈§§
#....≈≈≈≈≈≈≈≈≈§§
###....≈§≈≈≈≈§≈≈§§
#@........≈≈≈≈.§≈.
#.o######...........
#.≈. ##########.#
#..≈ ##. (..≈§ #)
[.)≈≈§ ## ?$≈≈≈ #..
.≈≈≈ #§§§ # ##§≈


You could see an orc warrior (bleeding).

Vanquished Creatures
  An orc knight (Volcano)
  The ghost of FiftyNine the Caller, an experienced OpSu of Kikubaaqudgha (D:6)
  Psyche (D:8)
  A spiny frog (Lair:1)
  Grum (D:8)
  2 wolves (D:8)
  A water moccasin (Lair:1)
  A sky beast (D:5)
  A wasp (D:8)
  Purgy (D:4)
  An ogre (D:6)
  3 orc warriors
  3 centaurs
  Duvessa (D:8)
  A big kobold (Sewer)
  2 phantoms
  5 giant frogs
  A crocodile (Lair:1)
  Blork the orc (D:4)
  3 scorpions
  6 killer bees (D:7)
  2 goliath beetles
  3 crimson imps
  A quasit (D:7)
  Dowan (D:8)
  A hound (D:4)
  A giant frog zombie (D:7)
  2 orc priests
  A giant frog skeleton (D:5)
  An iguana (D:7)
  5 orc wizards
  6 worker ants
  Natasha (twice) (D:4)
  A killer bee zombie (D:5)
  Ijyb (D:5)
  A hound skeleton (D:7)
  13 adders
  A worker ant zombie (D:7)
  5 river rats
  A worm (D:3)
  A shadow imp (D:5)
  4 giant mites
  An adder zombie (D:5)
  An adder skeleton (D:6)
  2 giant geckos
  2 oozes
  17 orcs
  A ball python (D:3)
  8 bats
  A bat zombie (D:5)
  10 giant cockroaches
  8 hobgoblins
  5 jackals
  17 kobolds
  5 quokkas
  A giant newt (D:1)
  11 goblins
  A quokka skeleton (D:6)
  22 rats
  A butterfly (D:7)
  A plant (D:8)
207 creatures vanquished.

Vanquished Creatures (others)
  4 fungi (D:8)
4 creatures vanquished.

Grand Total: 211 creatures vanquished

Notes
Turn   | Place    | Note
--------------------------------------------------------------
     0 | D:1      | Ladykiller69, the Troll Monk, began the quest for the Orb.
     0 | D:1      | Reached XP level 1. HP: 22/22 MP: 1/1
   111 | D:1      | Reached XP level 2. HP: 29/29 MP: 1/1
   525 | D:2      | Reached XP level 3. HP: 36/36 MP: 2/2
   741 | D:3      | Reached XP level 4. HP: 39/44 MP: 2/2
   853 | D:3      | Reached skill level 5 in Unarmed Combat
  1150 | D:3      | Found a glowing drain.
  1158 | Sewer    | Entered a sewer
  1172 | Sewer    | Reached XP level 5. HP: 53/53 MP: 2/2
  1216 | Sewer    | Noticed a big kobold
  1230 | Sewer    | Killed a big kobold
  1230 | Sewer    | Reached skill level 6 in Unarmed Combat
  1262 | Sewer    | Found a white marble altar of Elyvilon.
  1405 | D:4      | Noticed Blork the orc
  1405 | D:4      | Noticed Natasha
  1510 | D:4      | Noticed Purgy
  1514 | D:4      | Reached XP level 6. HP: 57/61 MP: 3/3
  1522 | D:4      | Killed Purgy
  1522 | D:4      | Reached skill level 7 in Unarmed Combat
  1584 | D:4      | Found a blossoming altar of Fedhas.
  1709 | D:4      | Reached XP level 7. HP: 67/67 MP: 3/3
  1771 | D:4      | Killed Natasha
  1806 | D:4      | Reached skill level 8 in Unarmed Combat
  1904 | D:4      | Noticed Natasha
  1916 | D:4      | Killed Blork the orc
  1921 | D:4      | Killed Natasha
  1986 | D:5      | Entered Level 5 of the Dungeon
  2173 | D:5      | Reached skill level 9 in Unarmed Combat
  2187 | D:5      | Noticed Ijyb
  2196 | D:5      | Killed Ijyb
  2217 | D:5      | Found Roiduruy's Jewellery Boutique.
  2294 | D:5      | Reached XP level 8. HP: 68/75 MP: 3/3
  2305 | D:5      | Reached skill level 10 in Unarmed Combat
  2583 | D:6      | Noticed FiftyNine's ghost (experienced OpSu)
  2915 | D:6      | Killed FiftyNine's ghost
  2993 | D:6      | Reached skill level 11 in Unarmed Combat
  3167 | D:6      | Reached XP level 9. HP: 78/81 MP: 4/4
  3696 | D:7      | Reached skill level 5 in Dodging
  3933 | D:7      | Found an opulent altar of Gozag.
  3970 | D:7      | Found a staircase to the Ecumenical Temple.
  3983 | Temple   | Entered the Ecumenical Temple
  3996 | Temple   | Became a worshipper of Cheibriados the Contemplative
  3996 | Temple   | Acquired Cheibriados' first power
  4114 | D:7      | Reached skill level 12 in Unarmed Combat
  4307 | D:8      | Found a sacrificial altar of Ru.
  4309 | D:8      | Found a white marble altar of Elyvilon.
  4310 | D:8      | Noticed Dowan
  4311 | D:8      | Found a bloodstained altar of Trog.
  4311 | D:8      | Noticed Duvessa
  4320 | D:8      | Killed Dowan
  4326 | D:8      | Killed Duvessa
  4329 | D:8      | Found a glowing silver altar of Zin.
  4329 | D:8      | Found a sparkling altar of Nemelex Xobeh.
  4341 | D:8      | Noticed Grum
  4346 | D:8      | Reached skill level 1 in Invocations
  4353 | D:8      | Killed Grum
  4461 | D:8      | Noticed Psyche
  4468 | D:8      | Killed Psyche
  4615 | D:8      | Found a staircase to the Lair.
  4660 | D:8      | Acquired Cheibriados' second power
  4681 | D:8      | Reached XP level 10. HP: 68/91 MP: 8/8
  4692 | Lair:1   | Entered Level 1 of the Lair of Beasts
  4759 | Lair:1   | Found a dark tunnel.
  4771 | Volcano  | Entered a volcano
  4811 | Volcano  | Noticed an orc knight
  4826 | Volcano  | Killed an orc knight
  4826 | Volcano  | Reached skill level 13 in Unarmed Combat
  4829 | Volcano  | HP: 4/91 [orc warrior/long sword of flaming (4)]
  4830 | Volcano  | HP: 1/91 [orc warrior/long sword of flaming (8)]
  4830 | Volcano  | Slain by an orc warrior

Action                   |  1- 3 |  4- 6 |  7- 9 | 10-12 || total
-------------------------+-------+-------+-------+-------++-------
Melee: Unarmed           |    80 |   101 |   352 |    25 ||   558
Invok: Bend Time         |       |       |       |     1 ||     1
  Use: Scroll            |       |     6 |     7 |       ||    13
       Potion            |       |       |       |     1 ||     1
 Stab: Distracted        |       |       |     1 |       ||     1
  Eat: Chunk             |    12 |     9 |    25 |     1 ||    47
